 Dungeon Crawl Stone Soup version 0.28.0 (webtiles) character file.

Game seed: 16588992007712612543

38889 Steelback the Earth Mage (level 14, -10/72 HPs)
             Began as a Gargoyle Earth Elementalist on Feb 15, 2022.
             Was a High Priest of Vehumet.
             Mangled by a tengu warrior (12 damage)
             ... led by a tengu warrior
             ... on level 15 of the Dungeon.
             The game lasted 01:17:06 (21583 turns).

Steelback the Earth Mage (GrEE)                    Turns: 21583, Time: 01:17:08

Health: -10/72     AC: 20    Str: 13    XL:     14   Next: 4%
Magic:  25/37      EV: 11    Int: 25    God:    Vehumet [*****.]
Gold:   183        SH:  4    Dex: 10    Spells: 30/34 levels left

rFire   . . .      SeeInvis .   m - +3 dagger "Orb Guardian's Doom" {holy, Will+}
rCold   + . .      Faith    .   E - +0 buckler {reflect}
rNeg    + . .      Spirit   .   B - +1 ring mail of the Endless Xenophobes {MP+9 Int+5}
rPois   ∞          Reflect  +   (no helmet)
rElec   +          Harm     .   e - +0 cloak
rCorr   .          Rampage  .   (no gloves)
Will    +++..                   R - +0 pair of boots
Stlth   ++........              j - amulet of regeneration
HPRegen 1.02/turn               p - ring of protection from cold
MPRegen 0.25/turn               z - ring of willpower

@: about to teleport, flying
A: sickness immunity, AC +10, big wings, negative energy resistance 1,
electricity resistance, torment resistance 1, petrification resistance
a: Renounce Religion


You were on level 15 of the Dungeon.
You worshipped Vehumet.
Vehumet was extremely pleased with you.
You visited 2 branches of the dungeon, and saw 16 of its levels.
You also visited: Bailey.

You collected 983 gold pieces.
You spent 800 gold pieces at shops.

Inventory:

Hand Weapons
 m - the +3 dagger "Orb Guardian's Doom" (weapon) {holy, Will+}
   (You found it on level 5 of the Dungeon)

   It has been blessed by the Shining One to cause great damage to the undead
   and demons.
   Will:      It increases your willpower.
Missiles
 c - 483 stones
 U - a throwing net
Armour
 e - a +0 cloak (worn)
 B - the +1 ring mail of the Endless Xenophobes (worn) {MP+9 Int+5}
   (You found it on level 9 of the Dungeon)

   Int:       It affects your intelligence (+5).
   MP:        It affects your magic capacity (+9).
 C - a +2 robe of cold resistance
 E - a +0 buckler of reflection (worn)
 J - +0 fire dragon scales
 R - a +0 pair of boots (worn)
Jewellery
 j - an amulet of regeneration (around neck)
 p - a ring of protection from cold (left hand)
 w - a ring of fire
 z - a ring of willpower (right hand)
 L - a ring of willpower
 W - a +4 ring of protection
Wands
 u - a wand of acid (10)
 A - a wand of flame (18)
 G - a wand of iceblast (15)
 M - a wand of mindburst (10)
 N - a wand of digging (12)
 O - a wand of polymorph (3)
 V - a wand of paralysis (10)
Scrolls
 b - a scroll of holy word
 g - 2 scrolls of blinking
 n - 2 scrolls of enchant weapon
 q - 5 scrolls of teleportation
 r - 3 scrolls of magic mapping
 t - a scroll of fog
 v - a scroll of brand weapon {unknown}
 y - a scroll of summoning {unknown}
 D - a scroll of vulnerability {unknown}
 F - a scroll of immolation {unknown}
 I - 2 scrolls of fear
 K - 2 scrolls of enchant armour
 S - 2 scrolls of amnesia
 X - a scroll of identify
Potions
 a - 2 potions of curing
 d - 3 potions of flight {unknown}
 f - 2 potions of haste
 h - 2 potions of invisibility {unknown}
 i - 2 potions of resistance
 l - 4 potions of degeneration {unknown}
 o - a potion of berserk rage {unknown}
 s - 3 potions of magic {unknown}
 x - 7 potions of ambrosia
 H - 2 potions of cancellation
 P - 4 potions of brilliance
 Q - 2 potions of attraction {unknown}
 T - 2 potions of might {unknown}


   Skills:
 + Level 2.6 Fighting
 + Level 5.9 Armour
 + Level 3.5 Dodging
 + Level 3.7 Stealth
 - Level 2.0 Shields
 + Level 10.6 Spellcasting
 * Level 14.1 Conjurations
 + Level 0.7 Transmutations
 * Level 17.5 Earth Magic


You had 30 spell levels left.
You knew the following spells:

 Your Spells              Type           Power      Damage    Failure   Level
a - Sandblast             Erth           100%       2d20      0%          1
b - Stone Arrow           Conj/Erth      100%       3d13      1%          3

Your spell library contained the following spells:

 Spells                   Type           Power      Damage    Failure   Level
 Inner Flame              Hex/Fire       13%        N/A       10%         3
 Magic Dart               Conj           100%       1d8       1%          1
 Passwall                 Tmut/Erth      46%        N/A       1%          2
 Searing Ray              Conj           100%       2d8       1%          2
 Fulminant Prism          Conj/Hex       24%        3d13      1%          4
 Hailstorm                Conj/Ice       48%        3d11      1%          4
 Petrify                  Tmut/Erth      56%        N/A       2%          4
 Blink                    Tloc           26%        N/A       19%         2
 Olgreb's Toxic Radiance  Pois           13%        N/A       28%         4
 Gell's Gravitas          Tloc           13%        N/A       34%         3
 Lesser Beckoning         Tloc           13%        N/A       34%         3
 Ozocubu's Armour         Ice            13%        N/A       34%         3
 Teleport Other           Tloc           13%        N/A       34%         3
 Ice Form                 Ice/Tmut       15%        N/A       71%         4
 Manifold Assault         Tloc           13%        N/A       97%         5
 Simulacrum               Ice/Necr       6%         N/A       100%        6
 Ozocubu's Refrigeration  Ice            6%         4d6       100%        7
 Ignition                 Fire           6%         3d4       100%        8


Dungeon Overview and Level Annotations

Branches:
Dungeon (15/15)            Temple (1/1) D:5            Lair (0/6) D:10
    Orc (0/2) D:9          Vaults (0/5) D:14         Bailey (visited)
 Depths: D:15

Altars:
Ashenzari
Cheibriados
Dithmenos
Elyvilon
Fedhas
Gozag
Hepliaklqana
Kikubaaqudgha
Makhleb
Nemelex Xobeh
Okawaru
Qazlal
Ru
Sif Muna
Trog
Uskayaw
Vehumet
Wu Jian
Xom
Yredelemnul
Zin
The Shining One

Shops:
D:5 (   D:7 :[   D:8 [!=   D:10 *   D:12 :[!=*   D:13 [   D:15 =*

Annotations:
D:15 Agnes


Innate Abilities, Weirdness & Mutations

You are immune to sickness and miasma.
Your stone body is resilient. (AC +10)
You are immune to poison.
Your large and strong wings let you fly.
You resist negative energy. (rN+)
You are resistant to electric shocks. (rElec)
You are resistant to unholy torment.
You are immune to petrification.


Message History

Agnes hits you with a +4 lajatang of electrocution! x2
* * * LOW HITPOINT WARNING * * *
You feel better.
Agnes hits you with a +4 lajatang of electrocution!!
* * * LOW HITPOINT WARNING * * *
You feel much better. Agnes closely misses you. Agnes barely misses you.
You feel better.
Your surroundings suddenly seem different. 5 green ugly things, 2 tengu warriors and a slime creature come into view.
A tengu warrior is wielding a +0 war axe and wearing a +1 buckler of protection.
Found 18 stones.
Found Onuajod's General Store.
The green ugly thing gurgles horribly! x3; The tengu warrior shouts!
The slime creature quivers.
The green ugly thing claws you!
A slime creature comes into view.
The green ugly thing gores you but does no damage.
Okay, then.
As you read the scroll of fog, it crumbles to dust.
The scroll dissolves into smoke.
The green ugly thing claws you.
A slime creature comes into view.
The green ugly thing gores you but does no damage.
A slime creature comes into view. x2
As you read the scroll of teleportation, it crumbles to dust.
You feel strangely unstable.
The green ugly thing claws you but does no damage.
The tengu warrior hits you from afar with a +2 bardiche!!
* * * LOW HITPOINT WARNING * * *
You block the green ugly thing's attack.
The tengu warrior hits you with a +0 war axe!
* * * LOW HITPOINT WARNING * * *
The tengu warrior closely misses you.
The tengu warrior claws you but does no damage.
You feel better.
The green ugly thing basks in the mutagenic energy from its kin and changes!
The tengu warrior hits you from afar with a +2 bardiche!
* * * LOW HITPOINT WARNING * * *
The green ugly thing gores you.
* * * LOW HITPOINT WARNING * * *
The tengu warrior hits you with a +0 war axe!
You die...

#.........#
#.........#
#.........#
#.........#
#......u..#
#§§§§§....#
#§§u§u....#
#.§@uQ.u..#
#§§Quu....#
#§§§§J....8
...........#
###.....(...#
#.....J...#
#.......J.#
#...J.J...#


You could see 5 ugly things, a slime creature and 2 tengu warriors.

Vanquished Creatures
  Snorg (D:13)
  Josephine (D:13)
  3 boulder beetles
  A hydra (D:14)
  A rakshasa (D:14)
  8 two-headed ogres
  5 centaur warriors
  2 tengu warriors (D:14)
  6 ugly things (D:14)
  A deep elf pyromancer (D:12)
  A deep elf zephyrmancer (D:13)
  3 cyclopes
  2 manticores (D:13)
  3 centaur zombies
  An elephant (D:10)
  A guardian serpent (shapeshifter) (D:14)
  2 efreet
  A yaktaur (D:15)
  2 kobold demonologists
  10 trolls
  A queen bee (D:10)
  3 hornets
  A wolf spider simulacrum (D:14)
  15 slime creatures
  A shadow (D:12)
  2 vampires
  A water elemental (D:13)
  A spriggan (shapeshifter) (D:13)
  6 wraiths
  Eustachio (D:5)
  2 wyverns (D:10)
  15 yaks
  7 spriggans (Bailey)
  2 steam dragons
  3 basilisks
  2 acid dragons
  A water moccasin (D:8)
  7 orc warriors
  A sky beast (D:6)
  2 black bears
  A necrophage (D:8)
  7 ogres
  3 centaurs
  2 phantoms
  5 kobold brigands
  3 bullfrogs
  2 gnoll sergeants
  3 scorpions
  A water moccasin skeleton (D:5)
  2 water moccasin zombies
  27 killer bees
  A troll zombie (D:9)
  A howler monkey (D:4)
  8 wights
  5 electric eels
  3 hounds
  5 orc priests
  2 gnoll shamans (D:9)
  3 jellies
  2 iguanas
  10 orc wizards
  7 ogre zombies (D:9)
  A howler monkey zombie (D:5)
  18 gnolls
  14 adders
  A shadow imp (D:7)
  A white imp (D:6)
  3 worms
  A dart slug (D:3)
  20 orcs
  6 endoplasms
  5 giant cockroaches
  14 goblins
  6 hobgoblins
  2 jackals (D:2)
  4 quokkas
  8 ball pythons
  6 bats
  5 frilled lizards
  A goblin skeleton (D:9)
  3 goblin zombies (D:9)
  A hobgoblin skeleton (D:9)
  4 hobgoblin zombies (D:9)
  22 kobolds
  3 orc skeletons (D:9)
  13 orc zombies (D:9)
  2 rats (D:2)
396 creatures vanquished.

Vanquished Creatures (others)
  8 fungi
  13 plants
21 creatures vanquished.

Grand Total: 417 creatures vanquished

Notes
Turn   | Place    | Note
-------+----------+-------------------------------------------
     0 | D:1      | Steelback the Gargoyle Earth Elementalist began the quest
                  | for the Orb.
     0 | D:1      | Reached XP level 1. HP: 10/10 MP: 3/3
    47 | D:1      | Reached skill level 4 in Earth Magic
   170 | D:1      | Reached XP level 2. HP: 15/15 MP: 3/5
   381 | D:1      | Reached XP level 3. HP: 18/19 MP: 3/6
   419 | D:1      | Learned a level 3 spell: Stone Arrow
   500 | D:1      | Reached skill level 5 in Earth Magic
  1377 | D:2      | Reached XP level 4. HP: 24/24 MP: 5/7
  1535 | D:2      | You fall into a shaft and drop 2 floors!
  1579 | D:4      | Reached skill level 1 in Conjurations
  1767 | D:4      | Noticed a scorpion
  1818 | D:4      | Reached XP level 5. HP: 28/28 MP: 4/9
  2204 | D:3      | Reached skill level 6 in Earth Magic
  2685 | D:2      | Found a faded altar of an unknown god.
  3247 | D:4      | Reached skill level 1 in Fighting
  3247 | D:4      | Reached XP level 6. HP: 34/34 MP: 4/10
  3883 | D:5      | Entered Level 5 of the Dungeon
  3894 | D:4      | Reached skill level 7 in Earth Magic
  3974 | D:5      | Reached XP level 7. HP: 28/38 MP: 5/12
  4063 | D:5      | Noticed Eustachio
  4389 | D:5      | Killed Eustachio
  4390 | D:5      | Reached skill level 8 in Earth Magic
  4391 | D:5      | Found a burning altar of Makhleb.
  4696 | D:5      | Found Saaxus's Weapon Boutique.
  4763 | D:5      | Identified the +3 dagger "Orb Guardian's Doom" {holy,
                  | Will+}
  4798 | D:5      | Found a staircase to the Ecumenical Temple.
  4804 | Temple   | Entered the Ecumenical Temple
  5077 | Temple   | Became a worshipper of Vehumet
  5243 | D:6      | Reached XP level 8. HP: 43/43 MP: 1/14
  5572 | D:6      | Reached skill level 9 in Earth Magic
  5631 | D:6      | Reached skill level 1 in Armour
  6589 | D:7      | Noticed a troll
  6597 | D:6      | Killed a troll
  6598 | D:6      | Reached skill level 5 in Spellcasting
  6816 | D:6      | Reached skill level 10 in Earth Magic
  6916 | D:7      | Reached XP level 9. HP: 48/48 MP: 6/16
  7029 | D:7      | Reached skill level 5 in Conjurations
  7331 | D:8      | Reached * piety under Vehumet
  7331 | D:8      | Offered knowledge of Foxfire by Vehumet.
  7725 | D:7      | Found Cyngyhaa's Book Shop.
  7803 | D:7      | Reached skill level 11 in Earth Magic
  8060 | D:7      | Found Jubuhaam's Antique Armour Emporium.
  8103 | D:8      | Found Fawojetsacuo's Armour Shoppe.
  8650 | D:8      | Noticed a troll
  8654 | D:8      | Killed a troll
  8779 | D:8      | Reached XP level 10. HP: 50/53 MP: 4/19
  9142 | D:8      | Found Tamenak's Distillery.
  9278 | D:8      | Found Aluskopi's Jewellery Boutique.
  9287 | D:8      | Bought a ring of willpower for 275 gold pieces
  9381 | D:7      | Reached skill level 12 in Earth Magic
  9381 | D:7      | HP: 2/53 [yak (5)]
  9943 | D:9      | Identified the +1 ring mail of the Endless Xenophobes {MP+9
                  | Int+5}
 10163 | D:8      | Offered knowledge of Static Discharge by Vehumet.
 10166 | D:8      | Reached ** piety under Vehumet
 10817 | D:9      | Found a staircase to the Orcish Mines.
 11448 | D:9      | Offered knowledge of Poisonous Vapours by Vehumet.
 11531 | D:9      | Reached *** piety under Vehumet
 11826 | D:9      | Reached skill level 13 in Earth Magic
 11931 | D:9      | Reached XP level 11. HP: 57/57 MP: 11/22
 12486 | D:9      | Noticed a two-headed ogre
 12492 | D:9      | Killed a two-headed ogre
 12492 | D:9      | Offered knowledge of Conjure Flame by Vehumet.
 12707 | D:10     | Entered Level 10 of the Dungeon
 12886 | D:10     | Found a flagged portal.
 12991 | Bailey   | Entered a bailey
 13173 | Bailey   | Noticed a two-headed ogre
 13184 | Bailey   | Killed a two-headed ogre
 13185 | Bailey   | Reached skill level 14 in Earth Magic
 13355 | Bailey   | Reached skill level 10 in Conjurations
 13594 | D:10     | Reached **** piety under Vehumet
 13707 | D:10     | Noticed a two-headed ogre
 13713 | D:10     | Killed a two-headed ogre
 13821 | D:10     | Found Ciyp's General Store.
 13843 | D:10     | Found an ornate altar of the Wu Jian Council.
 13904 | D:10     | Offered knowledge of Inner Flame by Vehumet.
 14043 | D:10     | Noticed a two-headed ogre
 14065 | D:10     | Killed a two-headed ogre
 14068 | D:10     | Reached XP level 12. HP: 37/62 MP: 13/24
 14229 | D:10     | Found a staircase to the Lair.
 14753 | D:10     | Reached skill level 15 in Earth Magic
 15166 | D:11     | Reached skill level 1 in Shields
 15307 | D:11     | Noticed a boulder beetle
 15321 | D:11     | Killed a boulder beetle
 15471 | D:11     | Noticed a two-headed ogre
 15478 | D:11     | Killed a two-headed ogre
 15834 | D:11     | Found a blossoming altar of Fedhas.
 15837 | D:11     | Noticed a boulder beetle
 15862 | D:11     | Killed a boulder beetle
 16596 | D:10     | Bought a scroll of identify for 28 gold pieces
 16596 | D:10     | Bought a scroll of amnesia for 49 gold pieces
 16596 | D:10     | Bought a potion of heal wounds for 70 gold pieces
 16747 | D:12     | Noticed a boulder beetle
 16763 | D:12     | Killed a boulder beetle
 16919 | D:12     | Noticed a two-headed ogre
 16923 | D:12     | Killed a two-headed ogre
 17071 | D:12     | Found Paxodduer's Jewellery Shoppe.
 17095 | D:12     | Found Guatauna's Distillery.
 17100 | D:12     | Bought 2 potions of brilliance for 96 gold pieces
 17100 | D:12     | Bought a potion of cancellation for 96 gold pieces
 17100 | D:12     | Bought a potion of haste for 120 gold pieces
 17186 | D:12     | Found Esmebeite's General Store.
 17218 | D:12     | Bought a scroll of fog for 24 gold pieces
 17256 | D:12     | Reached skill level 16 in Earth Magic
 17682 | D:12     | Found Qalof's Armour Shop.
 17830 | D:12     | Found Zyl Zoaffau's Book Shoppe.
 17939 | D:13     | Reached XP level 13. HP: 59/68 MP: 26/26
 18394 | D:13     | Noticed Snorg
 18399 | D:13     | Killed Snorg
 18400 | D:13     | Reached skill level 5 in Armour
 18629 | D:13     | Reached skill level 10 in Spellcasting
 18946 | D:13     | Noticed Josephine
 19230 | D:13     | Killed Josephine
 19406 | D:13     | Found Fobymeog's Antique Armour Shop.
 19713 | D:12     | Bought a scroll of fear for 42 gold pieces
 20245 | D:14     | Reached skill level 17 in Earth Magic
 20342 | D:14     | Found a gate to the Vaults.
 20619 | D:14     | Reached ***** piety under Vehumet
 20736 | D:14     | Noticed a rakshasa
 20744 | D:14     | HP: 2/68 [rakshasa collision (5)]
 20806 | D:14     | Killed a rakshasa
 21343 | D:15     | Entered Level 15 of the Dungeon
 21343 | D:15     | Found Wyos Osm's Jewellery Shop.
 21388 | D:15     | Gained mutation: Your large and strong wings let you fly.
                  | [Gargoyle growth]
 21388 | D:15     | Reached XP level 14. HP: 45/72 MP: 22/28
 21564 | D:15     | Noticed Agnes
 21580 | D:15     | Found Onuajod's General Store.
 21583 | D:15     | HP: 3/72 [tengu warrior (13)]
 21583 | D:15     | Mangled by a tengu warrior

Illustrated notes

Levels and vault maps discovered:
D:1:      minmay_arrival_plants_in_alcoves, layout_basic
D:2:      layout_rooms, nicolae_ecumenical_snake_handling,
          minmay_strange_pillars, chequers_big_river
D:3:      layout_basic, hangedman_decor_growths
D:4:      layout_loops_ring
D:5:      layout_cave_pools, bloody_makhleb, temple_green, serial_shops, shop,
          uniq_eustachio
D:6:      layout_gridville
D:7:      black_bear_nest_1, layout_rooms, serial_shops,
          nicolae_shop_behind_doors, nicolae_shop_behind_doors
D:8:      layout_cave_pools, serial_shops,
          nicolae_shop_temple_entry_statues_fountains,
          nicolae_shop_advertising_works [nicolae_subvault_shop_adworks],
          nicolae_stop_n_shop_1
D:9:      kennysheep_seaside_town, layout_gridville, zombieorc2_lemuel
D:10:     lemuel_troll_bridge, layout_rooms, pdpol_wu_jian_five_deadly_venoms,
          david_lair_generic, serial_shops, nicolae_take_the_stairs,
          enter_bailey_3, special_room [special_room_bee]
D:11:     layout_basic, nicolae_zen_rock_garden, fedhas_altar_3
D:12:     layout_roguey, serial_shops, shop, nicolae_diamond_shop,
          kennysheep_mini, nicolae_shop_waterfront, shop
D:13:     layout_basic, serial_shops, nicolae_shop_overgrown_old_shop,
          grunt_ministairs_11, uniq_josephine, uniq_snorg
D:14:     layout_basic, david_vaults_1, gauntlet_entry_generic
D:15:     grunt_enter_depths_snipers, layout_long_grid, serial_shops,
          nicolae_shop_statue_plus, shop, nicolae_shop_statue_plus,
          nicolae_shop_stone, nicolae_inconvenience_store, serial_bayou,
          serial_bayou_ford_a, serial_bayou_crossing, serial_bayou_shore_a,
          serial_bayou_pond_c, serial_bayou_shore_b, serial_bayou_lagoon_a,
          kb_rosetta, uniq_agnes
Temple:   mainiacjoe_temple_cubbyholes

Skill      XL: |  1  2  3  4  5  6  7  8  9 10 11 12 13 |
---------------+----------------------------------------+-----
Earth Magic    | 4 5 6 7 8 10 11 13 14 16 17 | 17.5
Conjurations   | 1 2 3 4 6 8 10 12 14 | 14.1
Spellcasting   | 3 4 5 6 7 8 9 10 | 10.6
Fighting       | 1 2 |  2.6
Dodging        | 2 3 |  3.5
Armour         | 2 3 4 5 |  5.9
Stealth        | 3 |  3.7
Shields        | 1 2 |  2.0
Transmutations | |  0.7

Action                   |  1- 3 |  4- 6 |  7- 9 | 10-12 | 13-15 || total
-------------------------+-------+-------+-------+-------+-------++-------
Melee: Dagger            |    11 |     9 |    40 |    28 |    60 ||   148
       Mace              |    29 |    23 |       |       |       ||    52
       Club              |     3 |       |       |       |       ||     3
       Short sword       |       |    57 |       |       |       ||    57
       Falchion          |       |       |     2 |       |       ||     2
 Cast: Sandblast         |    31 |    39 |    23 |    21 |    11 ||   125
       Stone Arrow       |       |    14 |   116 |   424 |   185 ||   739
  Use: Scroll            |     2 |     5 |     2 |     2 |     5 ||    16
       Potion            |       |       |       |     2 |     7 ||     9
 Stab: Sleeping          |       |     4 |       |       |       ||     4
Armor: Robe              |    24 |    36 |     3 |    20 |       ||    83
       Leather armour    |       |       |    28 |       |       ||    28
       Ring mail         |       |       |       |    58 |    83 ||   141
Dodge: Dodged            |    50 |    65 |    37 |    86 |    47 ||   285
Block: Kite shield       |       |       |       |    32 |    52 ||    84
       Buckler           |       |       |       |       |     6 ||     6
       Reflection        |       |       |       |       |     1 ||     1
